 Dungeon Crawl Stone Soup version 0.30-a0-341-g682706514a (webtiles) character file.

Game seed: 17777945356641888168

12942 ParallaxScroll the Slicer (level 12, -3/76 HPs)
             Began as a Tengu Venom Mage on Nov 3, 2022.
             Was an Elder of Vehumet.
             Slain by a freezing wraith (7 damage)
             ... on level 8 of the Dungeon.
             The game lasted 02:23:32 (10910 turns).

ParallaxScroll the Slicer (Tengu Venom Mage)       Turns: 10910, Time: 02:23:33

Health: -3/76      AC:  9    Str: 15    XL:     12   Next: 0%
Magic:  13/20      EV: 18    Int: 19    God:    Vehumet [****..]
Gold:   646        SH:  7    Dex: 16    Spells: 2/21 levels left

rFire   + . .      SeeInvis .    a - +6 dagger (venom)
rCold   + . .      Faith    .    e - +2 buckler
rNeg    . . .      Spirit   .    n - +3 leather armour {rC+}
rPois   .          Reflect  .    (helmet restricted)
rElec   .          Harm     .    t - +2 cloak {rCorr}
rCorr   +          Rampage  .    (no gloves)
Will    .....                    (boots unavailable)
Stlth   ++........               (no amulet)
HPRegen 0.32/turn                B - +6 ring of strength
MPRegen 0.17/turn                H - ring of protection from fire

@: flying quickly and evasively, slowed, studying 2 skills, very slow
A: beak, talons 3, nimble flight
a: Renounce Religion


You were on level 8 of the Dungeon.
You worshipped Vehumet.
Vehumet was greatly pleased with you.
You visited 2 branches of the dungeon, and saw 9 of its levels.
You also visited: Bailey.

You collected 646 gold pieces.

Inventory:

Hand Weapons
 a - a +6 dagger of venom (weapon)
 b - a +0 sling
 F - a +0 short sword of venom
 K - a +0 vorpal shortbow
Missiles
 h - 28 poisoned darts
 i - 49 stones
 j - 6 curare-tipped darts (quivered)
 p - 23 javelins
 q - 14 atropa-tipped darts
 E - 8 boomerangs
Armour
 e - a +2 buckler (worn)
 g - the +5 robe of Night {Dark Will+ SInv}
   (You took it off a centaur on level 7 of the Dungeon)

   It shrouds the wearer in darkness, reducing the range at which they can see
   and be seen by others.
   SInv:      It lets you see invisible.
   Will:      It increases your willpower.
 n - a +3 leather armour of cold resistance (worn)
 t - a +2 cloak of preservation (worn)
 v - the +0 scale mail "Usta" {*Corrode rElec Regen+}
   (You took it off an orc in a bailey)

   rElec:     It insulates you from electricity.
   Regen:     It increases your rate of health regeneration.
   *Corrode:  It may corrode you when you take damage.
 x - a +2 leather armour of poison resistance
 C - a +0 crystal plate armour
Magical Staves
 y - a staff of death
 G - a staff of earth
Jewellery
 l - an amulet of magic regeneration
 B - a +6 ring of strength (left hand)
 H - a ring of protection from fire (right hand)
Wands
 f - a wand of flame (1)
 k - a wand of iceblast (5)
 P - a wand of polymorph (6)
Scrolls
 c - a scroll of fear
 m - 3 scrolls of fog
 D - 4 scrolls of teleportation
 I - a scroll of amnesia
 O - a scroll of poison
 Q - a scroll of enchant weapon
Potions
 d - 2 potions of heal wounds
 o - 2 potions of invisibility
 r - a potion of experience
 s - a potion of haste {unknown}
 u - 5 potions of mutation
 w - a potion of lignification {unknown}
 z - 2 potions of curing
 A - a potion of attraction {unknown}
 J - 2 potions of magic
 R - 2 potions of degeneration {unknown}
Miscellaneous
 L - a tin of tremorstones (2/2)
 M - a phantom mirror
 N - a lightning rod (4/4)


   Skills:
 - Level 9.0 Fighting
 - Level 10.0 Short Blades
 - Level 2.0 Ranged Weapons
 - Level 3.0 Throwing
 - Level 4.0 Armour
 - Level 7.9 Dodging
 - Level 2.0 Stealth
 - Level 3.0 Shields
 - Level 5.0 Spellcasting
 - Level 7.0 Conjurations
 - Level 3.3 Transmutations
 + Level 7.9 Air Magic
 - Level 6.0 Poison Magic
 - Level 3.3 Evocations


You had 2 spell levels left.
You knew the following spells:

 Your Spells              Type           Power      Damage    Failure   Level
a - Sting                 Tmut/Pois      88%        1d7       3%          1
b - Poisonous Vapours     Pois/Air       62%        N/A       1%          2
c - Shock                 Conj/Air       100%       1d9       1%          1
d - Wereblood             Tmut           17%        N/A       8%          2
e - Mephitic Cloud        Conj/Pois/Air  31%        N/A       1%          3
f - Static Discharge      Conj/Air       66%        2-5/arc   1%          2
g - Olgreb's Toxic Radia  Pois           27%        N/A       4%          4
h - Airstrike             Air            17%        2d(3-19)  2%          4

Your spell library contained the following spells:

 Spells                   Type           Power      Damage    Failure   Level
 Momentum Strike          Conj/Tloc      36%        3d9       1%          2
 Beastly Appendage        Tmut           34%        N/A       4%          1
 Apportation              Tloc           8%         N/A       21%         1
 Dazzling Flash           Conj/Hex       36%        N/A       4%          3
 Spider Form              Tmut/Pois      22%        N/A       9%          3
 Gell's Gravitas          Tloc           4%         N/A       52%         3
 Lesser Beckoning         Tloc           8%         N/A       52%         3
 Teleport Other           Tloc           4%         N/A       52%         3
 Silence                  Hex/Air        9%         N/A       73%         5
 Agony                    Necr           4%         N/A       99%         5
 Malign Gateway           Summ/Tloc      2%         N/A       100%        7


Dungeon Overview and Level Annotations

Branches:
Dungeon (8/15)             Temple (1/1) D:4          Bailey (visited)
   Lair: D:8-11

Altars:
Ashenzari
Cheibriados
Dithmenos
Elyvilon
Gozag
Hepliaklqana
Kikubaaqudgha
Makhleb
Nemelex Xobeh
Okawaru
Qazlal
Ru
Trog
Uskayaw
Vehumet
Wu Jian
Xom
Yredelemnul
Zin
The Shining One

Annotations:
D:6 1 runed translucent door, bande's ghost, novice GrFi


Innate Abilities, Weirdness & Mutations

You have a beak for a mouth.
You have claws for feet.
Your magical nature lets you fly swiftly and evasively.


Message History

The freezing wraith is almost destroyed.
The freezing wraith hits you! The freezing wraith freezes you. You resist.
The freezing wraith hits you! The freezing wraith drains your vigour!
You feel as though you will be slow longer.
You hit the freezing wraith but do no damage.
You claw the freezing wraith, but do no damage.
The freezing wraith is almost destroyed.
You hit the freezing wraith but do no damage.
You claw the freezing wraith, but do no damage.
You peck the freezing wraith, but do no damage.
The freezing wraith is almost destroyed.
The freezing wraith barely misses you. The freezing wraith hits you.
You hit the freezing wraith but do no damage.
You claw the freezing wraith, but do no damage.
Your peck misses the freezing wraith.
The freezing wraith is almost destroyed.
The freezing wraith hits you.
* * * LOW HITPOINT WARNING * * *
The freezing wraith freezes you. You resist.
* * * LOW HITPOINT WARNING * * *
The freezing wraith misses you.
Aiming: Throw Flame
Press: ? - help, Shift-Dir - straight line, f/p - freezing wraith
Aim: a freezing wraith (almost destroyed, 71% to hit)
The puff of flame hits the freezing wraith but does no damage.
The freezing wraith is almost destroyed.
The freezing wraith hits you!
* * * LOW HITPOINT WARNING * * *
The freezing wraith freezes you. You resist.
* * * LOW HITPOINT WARNING * * *
The freezing wraith closely misses you.
Aiming: Throw Flame
Press: ? - help, Shift-Dir - straight line, f/p - freezing wraith
Aim: a freezing wraith (almost destroyed, 71% to hit)
The puff of flame hits the freezing wraith.
The freezing wraith is burned terribly!
The freezing wraith is almost destroyed.
The freezing wraith hits you but does no damage.
The freezing wraith barely misses you. The freezing wraith hits you!
You die...

#.# #~#~#~# #.##
#.##.#...#.##.# .... #.#
......##.# ..## #.#
#...##.# .## #.##.
#..##.# ...
#)##..###..##.# .##
#.#.........#.# #.#
#.#........W#.# #.#
########..#~~#..@#.#####
#.# ......#
..~##~...'.....# #.#
####### ..~
#~#..'.#.#.######.###
#....# ..
##~..'.#.#.....>.....
##.####
#~..'.#.########.###
##.# ~~#..#.#.#
######.### ...#
......#.#.. ..........
#### .......#.###
######.... # ### .###..#
.# #####


You could see a freezing wraith.

Vanquished Creatures
  3 two-headed ogres (D:7)
  A deep elf pyromancer (D:7)
  Pikel (D:6)
  An ice devil (D:8)
  Prince Ribbit (D:5)
  A slime creature (D:7)
  A shadow (D:7)
  A vampire (D:7)
  3 steam dragons
  3 water moccasins (D:7)
  Duvessa (D:7)
  13 orc warriors (Bailey)
  2 sky beasts (D:7)
  2 ice beasts (D:7)
  2 black bears
  4 ogres
  14 centaurs
  2 phantoms (D:7)
  6 bullfrogs
  2 kobold brigands (D:7)
  5 necrophages
  A gnoll sergeant (D:7)
  3 scorpions
  12 wights
  Dowan (D:7)
  6 killer bees (D:8)
  2 howler monkeys
  2 orc priests
  3 jellies (D:6)
  3 hounds
  Ijyb (D:5)
  3 iguanas (D:5)
  2 orc wizards
  Robin (D:3)
  7 gnolls
  10 adders
  2 shadow imps
  4 white imps
  A worm (D:5)
  3 dart slugs
  32 orcs
  5 bats
  3 endoplasms
  3 giant cockroaches
  16 goblins
  7 hobgoblins
  4 jackals (D:2)
  4 quokkas
  6 ball pythons
  4 frilled lizards
  10 kobolds
  5 rats
  A toadstool (D:1)
236 creatures vanquished.

Vanquished Creatures (collateral kills)
  A gnoll (D:7)
1 creature vanquished.

Vanquished Creatures (others)
  A gnoll (D:7)
  7 fungi (D:3)
  3 plants (D:2)
  6 toadstools
17 creatures vanquished.

Grand Total: 254 creatures vanquished

Notes
Turn   | Place    | Note
-------+----------+-------------------------------------------
     0 | D:1      | ParallaxScroll the Tengu Venom Mage began the quest for the
                  | Orb.
     0 | D:1      | Reached XP level 1. HP: 10/10 MP: 4/4
    48 | D:1      | Reached skill level 1 in Transmutations
   280 | D:1      | Reached XP level 2. HP: 15/15 MP: 4/6
  1222 | D:2      | Found an iron altar of Okawaru.
  1233 | D:2      | Reached XP level 3. HP: 18/19 MP: 5/7
  1349 | D:2      | Reached skill level 1 in Armour
  1958 | D:2      | Reached XP level 4. HP: 20/24 MP: 6/8
  2276 | D:3      | Noticed Robin
  2281 | D:3      | Killed Robin
  2559 | D:3      | Gained mutation: Your magical nature lets you fly swiftly
                  | and evasively. [Tengu growth]
  2559 | D:3      | Reached XP level 5. HP: 28/28 MP: 7/9
  2946 | D:4      | Found a staircase to the Ecumenical Temple.
  2976 | Temple   | Entered the Ecumenical Temple
  3105 | Temple   | Became a worshipper of Vehumet
  3495 | D:4      | Noticed an ogre
  3503 | D:4      | Killed an ogre
  3504 | D:4      | Reached skill level 1 in Evocations
  3504 | D:4      | Reached XP level 6. HP: 11/32 MP: 8/10
  3645 | D:5      | Entered Level 5 of the Dungeon
  3997 | D:5      | Reached skill level 1 in Air Magic
  3999 | D:5      | Reached skill level 1 in Conjurations
  4089 | D:5      | Noticed Prince Ribbit
  4209 | D:5      | Learned a level 1 spell: Beastly Appendage
  4212 | D:5      | Learned a level 2 spell: Wereblood
  4244 | D:5      | Reached skill level 1 in Fighting
  4244 | D:5      | Reached XP level 7. HP: 28/38 MP: 9/11
  4439 | D:5      | Learned a level 2 spell: Poisonous Vapours
  4598 | D:5      | HP: 1/35 [wight/+2 vorpal mace (3)]
  4600 | D:5      | Reached skill level 1 in Short Blades
  4765 | D:5      | Reached skill level 5 in Poison Magic
  4788 | D:5      | Reached * piety under Vehumet
  4788 | D:5      | Offered knowledge of Shock by Vehumet.
  4789 | D:5      | Reached skill level 2 in Short Blades
  4794 | D:5      | Reached skill level 3 in Short Blades
  4801 | D:5      | Learned a level 1 spell: Shock
  4821 | D:5      | Killed Prince Ribbit
  4822 | D:5      | Reached XP level 8. HP: 32/46 MP: 9/12
  4934 | D:5      | Reached skill level 4 in Short Blades
  5052 | D:5      | Noticed Ijyb
  5351 | D:5      | Killed Ijyb
  6004 | D:5      | Learned a level 3 spell: Mephitic Cloud
  6187 | D:6      | Reached skill level 5 in Short Blades
  6268 | D:6      | Noticed Pikel
  6276 | D:6      | Killed Pikel
  6277 | D:6      | Reached skill level 5 in Conjurations
  6277 | D:6      | Reached skill level 5 in Air Magic
  6277 | D:6      | Reached skill level 1 in Ranged Weapons
  6277 | D:6      | Reached skill level 5 in Dodging
  6277 | D:6      | Reached XP level 9. HP: 53/53 MP: 13/13
  6437 | D:6      | Reached skill level 5 in Fighting
  6438 | D:6      | Noticed bande's ghost (novice GrFi)
  6592 | D:6      | Found a runed translucent door.
  6657 | D:6      | Identified a scroll of acquirement
  6658 | D:6      | Acquired a +2 cloak of preservation
  7028 | D:7      | Reached skill level 6 in Short Blades
  7028 | D:7      | Reached XP level 10. HP: 61/61 MP: 13/16
  7058 | D:7      | Reached skill level 1 in Shields
  7240 | D:7      | Reached ** piety under Vehumet
  7240 | D:7      | Offered knowledge of Scorch by Vehumet.
  7297 | D:7      | Noticed Duvessa
  7299 | D:7      | Noticed Dowan
  7302 | D:7      | Killed Dowan
  7315 | D:7      | Killed Duvessa
  7333 | D:7      | Noticed a two-headed ogre
  7342 | D:7      | Killed a two-headed ogre
  7343 | D:7      | Reached XP level 11. HP: 51/66 MP: 15/17
  7382 | D:7      | Found a flagged portal.
  7420 | Bailey   | Entered a bailey
  7466 | Bailey   | Reached skill level 7 in Short Blades
  8074 | Bailey   | Offered knowledge of Static Discharge by Vehumet.
  8247 | Bailey   | Reached skill level 8 in Short Blades
  8517 | Bailey   | Identified the +0 scale mail "Usta" {*Corrode rElec Regen+}
  8602 | Bailey   | Reached *** piety under Vehumet
  8807 | Bailey   | Reached skill level 9 in Short Blades
  8883 | Bailey   | Learned a level 2 spell: Static Discharge
  9088 | D:6      | Learned a level 4 spell: Olgreb's Toxic Radiance
  9250 | D:7      | Noticed a two-headed ogre
  9263 | D:7      | Killed a two-headed ogre
  9285 | D:7      | Offered knowledge of Airstrike by Vehumet.
  9299 | D:7      | Noticed a deep elf pyromancer
  9313 | D:7      | Killed a deep elf pyromancer
  9346 | D:7      | Reached skill level 10 in Short Blades
  9632 | D:7      | Noticed a two-headed ogre
  9641 | D:7      | Killed a two-headed ogre
  9642 | D:7      | Reached skill level 5 in Spellcasting
  9647 | D:7      | Learned a level 4 spell: Airstrike
  9691 | D:7      | Got Sif Muna's Parchment of the Voyage
 10649 | D:8      | Reached **** piety under Vehumet
 10853 | D:8      | Reached XP level 12. HP: 76/76 MP: 15/20
 10910 | D:8      | Slain by a freezing wraith

Illustrated notes

Levels and vault maps discovered:
D:1:      ldierk_water_garden, layout_basic, patterned_corridor
D:2:      layout_basic, basic_altar, serial_bayou_pond_c,
          chequers_serial_rivers_room_b, minmay_split_cup_small
D:3:      layout_rooms, minmay_gold_behind_fungi, uniq_robin
D:4:      layout_basic, minmay_temple_entry_sparse_star
D:5:      layout_cave_pools, nicolae_eternal_life, grunt_ministairs_6,
          kennysheep_generic_room_6, uniq_ijyb, uniq_prince_ribbit1
D:6:      layout_rooms, hellmonk_ghost_happy_afterlife, uniq_pikel
D:7:      minmay_the_grid_octo_tiled_octocenter
          [minmay_the_grid_octo_thin_diamonds, minmay_the_grid_octo_fat_diamond,
          minmay_the_grid_octo_clover, minmay_the_grid_octo_checkered,
          minmay_the_grid_octo_prize_square_snowflake,
          minmay_the_grid_square_5x5_tri_point,
          minmay_the_grid_square_5x5_eight_small,
          minmay_the_grid_square_5x5_gyroscope,
          minmay_the_grid_square_5x5_eight], layout_rooms, enter_bailey_3,
          uniq_duvessa
D:8:      layout_loops_ring, hellmonk_guarded_unrand_frostbite
Temple:   nicolae_temple_bog_church

Skill      XL: |  1  2  3  4  5  6  7  8  9 10 11 |
---------------+----------------------------------+-----
Transmutations | 1 2 3 |  3.3
Armour         | 1 2 3 4 |  4.0
Dodging        | 3 4 5 7 |  7.9
Poison Magic   | 4 5 6 |  6.0
Evocations     | 1 3 |  3.3
Air Magic      | 1 2 5 6 7 |  7.9
Conjurations   | 1 5 6 7 |  7.0
Fighting       | 1 3 4 6 9 |  9.0
Short Blades   | 3 5 6 10 | 10.0
Ranged Weapons | 1 2 |  2.0
Throwing       | 3 |  3.0
Spellcasting   | 3 5 |  5.0
Shields        | 3 |  3.0
Stealth        | |  2.0

Action                   |  1- 3 |  4- 6 |  7- 9 | 10-12 || total
-------------------------+-------+-------+-------+-------++-------
Melee: Mace              |     5 |       |       |       ||     5
       Unarmed           |     4 |       |       |       ||     4
       Kick              |     9 |    32 |    34 |   107 ||   182
       Short sword       |    34 |    67 |       |       ||   101
       Peck              |     7 |    22 |    20 |    61 ||   110
       Dagger            |       |    51 |    95 |   238 ||   384
       Punch             |       |     3 |     2 |       ||     5
 Fire: Sling             |       |    31 |    39 |    63 ||   133
       Shortbow          |       |       |     8 |       ||     8
Throw: Stone             |    19 |     6 |       |       ||    25
       Dart              |       |     4 |     8 |     5 ||    17
 Cast: Sting             |    41 |    20 |    31 |    33 ||   125
       Poisonous Vapours |       |       |    12 |    59 ||    71
       Wereblood         |       |       |     4 |    11 ||    15
       Shock             |       |       |    10 |    63 ||    73
       Mephitic Cloud    |       |       |     1 |     6 ||     7
       Static Discharge  |       |       |       |     3 ||     3
       Airstrike         |       |       |       |     3 ||     3
       Olgreb's Toxic Ra |       |       |       |     1 ||     1
Evoke: Wand              |       |     4 |     3 |    13 ||    20
  Use: Scroll            |       |     6 |    18 |     2 ||    26
       Potion            |       |       |     1 |       ||     1
 Stab: Sleeping          |     2 |     1 |       |     1 ||     4
       Confused          |       |       |       |     1 ||     1
Armor: Leather armour    |     8 |    24 |    15 |    33 ||    80
       Robe              |       |       |       |     5 ||     5
Dodge: Dodged            |    16 |    56 |    63 |   174 ||   309
Block: Buckler           |       |       |       |    65 ||    65

Table legend: (Time is in decaauts)
 A = Elapsed time spent in this place.
 B = Non-inter-level travel time spent in this place.
 C = Inter-level travel time spent in this place.
 D = Time resting spent in this place.
 E = Time spent auto-exploring this place.
 F = Levels seen in this place.
 G = Mean time per level.
                   A        B        C        D        E       F      G
               +--------+--------+--------+--------+--------+-----+--------+
         Total |  10355 |   9856 |    499 |   2842 |   4842 |  10 | 1035.5 |
       Dungeon |   8707 |   8217 |    490 |   2080 |   4531 |   8 | 1088.4 |
        Temple |    124 |    115 |      9 |      0 |    101 |   1 |  124.0 |
        Bailey |   1524 |   1524 |      0 |    762 |    209 |   1 | 1524.0 |
               +--------+--------+--------+--------+--------+-----+--------+

Top non-repeatable levels by time:
     D:5: 2182 daAuts
  Bailey: 1524 daAuts
     D:1: 1223 daAuts
     D:7: 1163 daAuts
     D:2: 1007 daAuts
     D:8: 948 daAuts
     D:6: 898 daAuts
     D:4: 725 daAuts
     D:3: 558 daAuts
  Temple: 124 daAuts
